Map: Golden Wall LE

Players

Arctur

  • Race: Terran Terran
  • Spawn Location: 7:00

BlyOnFire (Bly) - Winner!

  • Race: Zerg Zerg
  • Spawn Location: 5:00

Event: DreamHack SC2 Masters 2020 Fall

VOD

https://youtu.be/zzrVnzHFAvk

Description

Time

  • Played on: Aug. 26, 2020, 11:43 a.m.
  • Length: 7:01

All games in this series

Show
View Real Time Build Order
Export as new Build Order

Arctur Terran 

Build Orders: Reaper Expand 

Get SALT Encoding   

  12  0:00  SCV  
  13  0:12  SCV  
  14  0:17  Supply Depot  
  14  0:24  SCV  
  15  0:39  Barracks, SCV  
  16  0:44  Refinery  
  16  0:51  SCV  
  17  1:03  SCV  
  18  1:15  SCV  
  19  1:26  Reaper  
  19  1:27  Orbital Command  
  20  1:46  Command Center  
  20  1:53  Bunker  
  20  1:56  SCV  
  20  2:00  Reaper  
  22  2:06  Supply Depot  
  22  2:10  SCV  
  23  2:28  SCV  
  23  2:30  Factory  
  23  2:40  SCV  
  23  2:44  Barracks Reactor  
  24  2:52  SCV  
  25  2:59  Orbital Command  
  25  3:04  SCV  
  26  3:07  Command Center  
  26  3:11  Refinery  
  26  3:16  SCV  
  26  3:19  Starport  
  27  3:25  SCV  
  28  3:28  SCV  
  28  3:33  Hellion x2  
  33  3:35  Barracks Tech Lab  
  33  3:37  SCV  
  33  3:40  SCV  
  33  3:49  SCV  
  33  3:55  Hellion x2, Marauder  
  40  3:58  Viking  
  40  4:01  SCV  
  43  4:03  SCV  
  44  4:13  SCV  
  44  4:14  Stimpack  
  44  4:15  SCV  
  46  4:23  Orbital Command  
  50  4:25  SCV  
  47  4:33  Starport Reactor  
  47  4:35  Barracks  
  47  4:36  SCV  
  47  4:37  SCV  
  47  4:38  Barracks, Factory Reactor  
  49  4:42  Marine  
  50  4:49  SCV x2  
  50  4:52  SCV  
  53  4:55  Engineering Bay x2  
  53  5:01  SCV x2, Supply Depot, Marine  
  53  5:04  SCV  
  57  5:09  Refinery  
  57  5:11  Refinery  
  57  5:13  SCV x2  
  58  5:16  SCV  
  56  5:24  Marine  
  56  5:25  SCV  
  56  5:26  SCV  
  56  5:28  SCV, Marine x2  
  56  5:30  Widow Mine  
  59  5:37  SCV  
  59  5:38  SCV  
  59  5:40  SCV, Starport Reactor  
  59  5:41  Marine  
  61  5:49  SCV  
  57  5:50  SCV  
  57  5:53  SCV, Marine x2  
  57  5:56  Widow Mine  
  61  6:03  Supply Depot  
  61  6:04  Supply Depot  
  61  6:13  Widow Mine, SCV x3  
  61  6:14  Marine x2  
  61  6:15  Marine x2  
  61  6:16  Marine  
  64  6:25  SCV  
  60  6:32  Marine x4  
  52  6:33  Marine  
  52  6:35  SCV x2  
  52  6:44  SCV  
  52  6:47  SCV x2  
Show
View Real Time Build Order
Export as new Build Order

BlyOnFire Zerg - Winner!

Build Orders: Hatch First 

Get SALT Encoding   

  12  0:00  Drone  
  13  0:14  Overlord  
  13  0:19  Drone  
  14  0:32  Drone x2  
  16  0:48  Hatchery  
  15  0:52  Drone  
  15  0:56  Drone  
  17  0:59  Drone  
  18  1:09  Extractor  
  17  1:15  Spawning Pool  
  17  1:17  Drone  
  17  1:20  Drone  
  18  1:29  Drone  
  19  1:40  Drone  
  20  1:52  Overlord  
  20  2:01  Queen x2  
  20  2:02  Zergling x4  
  26  2:13  Metabolic Boost  
  26  2:14  Drone x2  
  28  2:23  Drone  
  28  2:24  Drone  
  30  2:33  Overlord  
  30  2:45  Queen  
  34  2:51  Drone  
  34  2:52  Drone  
  34  2:58  Lair  
  34  3:12  Zergling x6  
  37  3:15  Drone x2  
  37  3:16  Drone x3  
  42  3:23  Overlord, Spore Crawler  
  42  3:25  Overlord  
  42  3:27  Extractor  
  42  3:32  Extractor, Overlord  
  42  3:33  Extractor  
  39  3:47  Drone x7  
  46  3:51  Drone x2  
  46  3:52  Drone  
  49  3:59  Drone x2  
  51  4:07  Spire  
  51  4:09  Drone  
  51  4:18  Drone x4  
  51  4:19  Drone  
  51  4:20  Drone  
  51  4:24  Overlord  
  57  4:34  Spine Crawler  
  57  4:35  Spine Crawler  
  55  4:43  Zergling x10  
  60  4:52  Overlord  
  60  5:00  Overlord  
  60  5:07  Hatchery  
  58  5:21  Mutalisk  
  58  5:22  Mutalisk x5  
  69  5:33  Mutalisk  
  69  5:34  Mutalisk x2  
  74  5:44  Overlord  
  73  5:56  Mutalisk  
  74  5:58  Overlord  
  74  5:59  Drone  
  74  6:00  Overlord  
  74  6:03  Overlord  
  74  6:06  Mutalisk x2  
  74  6:08  Overlord  
  74  6:20  Mutalisk x2  
  74  6:23  Zergling x6  
  77  6:33  Zergling x12  

Tags
 
Add a new tag
Caveats
  • Supply blocks, unpowered buildings, or Contaminate may cause inaccurate times.
  • Supply counts are checked every 10 seconds.